AoeStats
← Buzz Lightyear

Arena

504673487Analyzed
4v4 RM · 28d ago on Sep 6, 2026· 71m 18s· 8 players
Game mode
Random Map
Map size
Large (8 player)
Population
200
Speed
Normal
Resources
Standard
Victory
Conquest
Starting age
Dark Age
Ending age
Imperial Age
RankedLock teamsTeams togetherTeam positionsShared explorationLock speedFull tech treeHidden civsTurbo modeCheats
Victory
Defeat
🇪🇸 Romans · Spain
1099
+12
🇵🇪 Bohemians · Peru
1081
+13
🇩🇪 Poles · Germany
1053
+14
🇫🇷 Burgundians · France
1030
+15
🇭🇰 Britons · Hong Kong SAR China
1079
-16
🇦🇷 Gurjaras · Argentina
1072
-15
🇭🇰 Poles · Hong Kong SAR China
1003
-13
🇭🇰 Persians · Hong Kong SAR China
912
-10
Napoléon
5:36 Double-Bit Axe
9:32 Wheelbarrow
11:27 Feudal Age
10:00 Horse Collar
12:29 Loom
13:21 Heavy Plow
16:05 Castle Age
15:22 Bow Saw
15:40 Stone Mining
16:20 Town Watch
17:47 Stone Shaft Mining
17:10 Gold Mining
20:36 Fletching
23:02 Bodkin Arrow
25:04 Ballistics
24:40 Murder Holes
25:32 Scale Mail Armor
27:42 Scale Barding Armor
29:38 Herbal Medicine
29:16 Pikeman
29:58 Squires
31:44 Forging
32:03 Chain Barding Armor
32:44 Forging
35:09 Fortified Wall
36:13 Iron Casting
36:47 Hand Cart
36:40 Husbandry
38:52 Chain Mail Armor
38:49 Masonry
39:01 Treadmill Crane
40:51 Arson
41:04 Arson
43:33 Gold Shaft Mining
45:24 Two-Man Saw
47:00 Imperial Age
46:06 Burgundian Vineyards
47:14 Padded Archer Armor
47:33 Town Patrol
48:24 Plate Barding Armor
48:21 Plate Mail Armor
48:14 Leather Archer Armor
49:08 Chemistry
48:44 Conscription
48:39 Elite Skirmisher
49:15 Cavalier
49:19 Man-at-Arms
51:05 Blast Furnace
50:07 Bracer
51:36 Architecture
52:30 Hoardings
53:10 Halberdier
63:26 Paladin
65:45 Elite Coustillier
Buzz Lightyear
8:42 Loom
11:01 Feudal Age
16:13 Castle Age
18:22 Double-Bit Axe
21:25 Town Watch
27:15 Imperial Age
26:29 Chemistry
27:30 Horse Collar
28:21 Conscription
28:46 Bow Saw
30:29 Wagenburg Tactics
31:27 Siege Engineers
32:14 Wheelbarrow
34:23 Houfnice
35:52 Heavy Plow
36:19 Hand Cart
36:22 Elite Hussite Wagon
47:44 Ballistics
49:54 Scale Mail Armor
50:05 Forging
49:46 Pikeman
50:26 Squires
50:12 Arson
52:33 Halberdier
53:33 Chain Mail Armor
53:53 Iron Casting
55:15 Plate Mail Armor
PezMaza
9:12 Loom
11:30 Feudal Age
14:58 Wheelbarrow
14:08 Town Watch
14:18 Horse Collar
17:34 Castle Age
16:12 Double-Bit Axe
20:24 Hand Cart
20:10 Town Patrol
21:02 Bow Saw
23:51 Fletching
27:28 Sanctity
28:25 Bloodlines
28:15 Husbandry
29:20 Town Patrol
29:41 Bodkin Arrow
29:46 Padded Archer Armor
29:58 Gold Mining
29:59 Stone Mining
30:05 Stone Mining
30:49 Thumb Ring
31:53 Stone Shaft Mining
31:39 Leather Archer Armor
32:29 Ballistics
32:19 Fortified Wall
32:05 Murder Holes
31:51 Treadmill Crane
33:47 Forging
33:43 Scale Barding Armor
33:51 Masonry
37:28 Elite Skirmisher
37:46 Light Cavalry
43:44 Imperial Age
43:04 Iron Casting
44:25 Chain Barding Armor
43:53 Winged Hussar
47:32 Conscription
47:18 Bracer
48:19 Blast Furnace
50:41 Blast Furnace
51:56 Chemistry
51:00 Scale Mail Armor
56:12 Chain Mail Armor
56:06 Siege Engineers
58:10 Lechitic Legacy
58:26 Hoardings
67:47 Sappers
(。> Maryna <。)
8:53 Loom
11:29 Feudal Age
16:36 Castle Age
16:17 Double-Bit Axe
18:42 Wheelbarrow
18:53 Horse Collar
23:19 Scale Mail Armor
23:50 Stone Mining
24:24 Heavy Plow
26:04 Gold Mining
25:40 Man-at-Arms
26:50 Town Watch
26:58 Long Swordsman
28:02 Pikeman
30:24 Forging
31:51 Squires
32:17 Ballistas
32:22 Fletching
35:21 Ballistics
34:57 Murder Holes
38:13 Imperial Age
37:01 Iron Casting
39:03 Chain Mail Armor
40:39 Chemistry
39:12 Legionary
41:03 Crop Rotation
40:48 Bow Saw
41:16 Conscription
42:55 Blast Furnace
42:05 Halberdier
43:44 Capped Ram
48:45 Bodkin Arrow
52:25 Padded Archer Armor
56:22 Caravan
59:22 Siege Ram
PATO BULLRICH
4:30 Loom
10:34 Feudal Age
15:58 Castle Age
14:06 Double-Bit Axe
14:04 Horse Collar
16:08 Wheelbarrow
17:11 Heavy Plow
17:29 Bow Saw
23:34 Hand Cart
25:17 Gold Mining
25:17 Stone Mining
26:14 Scale Barding Armor
26:20 Forging
26:21 Town Watch
29:20 Chain Barding Armor
29:36 Iron Casting
29:13 Bloodlines
29:04 Husbandry
32:20 Imperial Age
30:10 Caravan
30:04 Light Cavalry
33:18 Gold Shaft Mining
33:21 Stone Shaft Mining
33:37 Plate Barding Armor
32:27 Elite Shrivamsha Rider
32:30 Hussar
32:33 Heavy Camel Rider
33:25 Kshatriyas
33:41 Conscription
51:35 Crop Rotation
62:32 Scale Mail Armor
63:10 Hoardings
67:11 Fletching
67:37 Chain Mail Armor
67:02 Elite Chakram Thrower
70:46 Plate Mail Armor
AA
0:26 Loom
12:16 Feudal Age
17:11 Castle Age
15:07 Double-Bit Axe
15:44 Horse Collar
17:09 Fletching
17:27 Stone Mining
19:44 Wheelbarrow
19:57 Padded Archer Armor
22:57 Gold Mining
25:04 Hand Cart
26:44 Heavy Plow
31:15 Imperial Age
29:06 Bow Saw
29:55 Ballistics
30:41 Gold Shaft Mining
32:24 Bodkin Arrow
33:19 Bracer
33:35 Leather Archer Armor
34:24 Chemistry
34:08 Conscription
33:17 Man-at-Arms
33:58 Squires
33:44 Arson
35:14 Long Swordsman
35:40 Gambesons
36:27 Ring Archer Armor
36:08 Forging
37:35 Yeomen
38:12 Elite Longbowman
40:24 Scale Mail Armor
41:41 Fortified Wall
42:35 Chain Mail Armor
42:56 Iron Casting
41:52 Two-Handed Swordsman
44:16 Plate Mail Armor
43:51 Light Cavalry
44:31 Husbandry
45:44 Two-Man Saw
44:12 Champion
45:27 Pikeman
46:47 Halberdier
48:44 Blast Furnace
49:31 Scale Barding Armor
54:18 Elite Skirmisher
60:35 Chain Barding Armor
EDGGG
1:22 Loom
11:42 Feudal Age
14:57 Double-Bit Axe
17:23 Castle Age
15:34 Horse Collar
15:57 Gold Mining
16:01 Stone Mining
16:49 Bloodlines
16:52 Gold Mining
17:35 Fletching
20:37 Town Watch
24:47 Wheelbarrow
25:28 Bow Saw
26:22 Heavy Plow
28:46 Squires
29:00 Forging
29:49 Town Patrol
31:00 Stone Shaft Mining
30:13 Light Cavalry
31:23 Pikeman
32:07 Scale Mail Armor
32:43 Iron Casting
32:37 Hand Cart
35:55 Bodkin Arrow
37:14 Chain Mail Armor
40:52 Imperial Age
42:46 Chemistry
42:32 Winged Hussar
52:11 Iron Casting
53:51 Scale Barding Armor
54:46 Blast Furnace
56:29 Treadmill Crane
57:11 Ballistics
56:54 Elite Skirmisher
58:12 Conscription
58:16 Lechitic Legacy
59:34 Elite Obuch
65:28 Man-at-Arms
vvc0
9:04 Loom
13:04 Feudal Age
11:34 Loom
14:33 Wheelbarrow
13:48 Man-at-Arms
15:07 Double-Bit Axe
17:32 Horse Collar
21:09 Castle Age
22:26 Fletching
22:37 Padded Archer Armor
22:00 Crossbowman
24:46 Gold Mining
24:46 Stone Mining
26:05 Bow Saw
27:42 Hand Cart
30:46 Elite Skirmisher
31:31 Thumb Ring
31:54 Parthian Tactics
32:28 Gold Shaft Mining
31:43 Stone Mining
31:53 Stone Mining
35:31 Imperial Age
33:32 Thumb Ring
33:03 Long Swordsman
33:44 Squires
35:47 Bodkin Arrow
36:08 Leather Archer Armor
36:03 Forging
35:53 Scale Mail Armor
37:09 Ballistics
36:46 Murder Holes
36:59 Gambesons
36:35 Pikeman
38:23 Pikeman
39:59 Halberdier
40:55 Citadels
40:45 Arson
41:19 Capped Ram
44:13 Kamandaran
47:23 Town Watch
51:38 Heavy Cavalry Archer
54:36 Chemistry
64:00 Masonry
Connection lost

Rejoining the realm…

Still unreachable

The connection could not be restored.

Session expired

The server has moved on; the page needs a fresh start.